Map: [ESL] Oceanborn

Players

GuMiho

  • Race: Terran Terran
  • Spawn Location: 11:00

TalonDark (Dark) - Winner!

  • Race: Zerg Zerg
  • Spawn Location: 5:00

VOD

Have the link to the VOD?

Description

Time

  • Played on: Oct. 19, 2024, 1:06 a.m.
  • Length: 20:20
Show
View Real Time Build Order
Export as new Build Order

GuMiho Terran 

Build Orders: Liberator Opening, Reaper Expand, Mech 

Get SALT Encoding   

  12  0:00  SCV  
  13  0:12  SCV  
  14  0:17  Supply Depot  
  14  0:24  SCV  
  15  0:38  SCV  
  15  0:40  Barracks  
  16  0:42  Refinery  
  16  0:50  SCV  
  17  1:02  SCV  
  18  1:14  SCV  
  19  1:26  Orbital Command  
  19  1:27  Reaper  
  20  1:38  Command Center  
  20  1:46  Supply Depot  
  20  1:52  SCV  
  21  1:59  Marine  
  22  2:07  SCV  
  23  2:10  Factory  
  23  2:11  Refinery  
  23  2:19  Barracks Reactor  
  23  2:20  SCV  
  24  2:33  SCV  
  25  2:45  SCV  
  25  2:49  Orbital Command  
  26  2:53  Starport  
  26  2:57  SCV  
  27  3:02  Hellion x2  
  31  3:09  SCV  
  32  3:16  SCV  
  33  3:21  SCV  
  33  3:24  Hellion x2  
  38  3:28  SCV  
  38  3:29  Supply Depot  
  38  3:30  Liberator  
  38  3:33  SCV  
  43  3:39  Refinery  
  43  3:40  SCV  
  44  3:42  Fusion Core  
  44  3:45  SCV  
  45  3:51  Hellion x2  
  45  3:54  SCV  
  45  3:55  Supply Depot  
  50  3:58  SCV  
  51  4:06  SCV  
  52  4:12  Hellion  
  56  4:17  Hellion  
  56  4:18  Supply Depot  
  56  4:19  Supply Depot  
  56  4:20  SCV x2  
  56  4:22  Starport Tech Lab  
  58  4:33  Cyclone  
  58  4:38  Cyclone  
  62  4:43  Battlecruiser  
  68  4:46  SCV x2  
  70  4:55  Supply Depot  
  70  4:56  Supply Depot  
  70  5:02  SCV x2  
  72  5:11  Command Center  
  70  5:21  SCV  
  70  5:22  SCV  
  70  5:25  Weapon Refit  
  70  5:28  Refinery  
  72  5:34  SCV x2  
  72  5:35  Hellion x2  
  78  5:43  Factory  
  78  5:45  Factory  
  78  5:46  SCV x2  
  80  5:57  Hellion x2  
  84  5:58  SCV x2  
  84  6:02  Supply Depot x2  
  86  6:10  SCV x2  
  84  6:30  Starport Tech Lab  
  80  6:37  Cyclone x2  
  80  6:38  Factory Tech Lab  
  80  6:39  Factory Tech Lab  
  81  6:40  SCV x2  
  81  6:43  Orbital Command  
  81  6:48  Battlecruiser  
  81  6:52  SCV  
  81  6:53  SCV  
  89  6:58  Siege Tank x2  
  88  7:12  Orbital Command  
  88  7:14  Hellion  
  88  7:15  Hellion  
  82  7:16  SCV x2  
  81  7:28  SCV, Hurricane Engines  
  80  7:30  SCV  
  80  7:31  Hellion x2  
  80  7:33  Command Center  
  80  7:36  Factory x2  
  85  7:40  SCV  
  85  7:41  SCV  
  85  7:42  SCV  
  88  7:46  Armory  
  88  7:49  Armory  
  88  7:51  Refinery  
  88  7:52  SCV  
  88  7:55  Battlecruiser  
  88  7:57  SCV x2, Refinery  
  97  8:03  Supply Depot  
  97  8:04  SCV  
  98  8:09  SCV x2  
  98  8:11  Orbital Command  
  100  8:15  Siege Tank  
  100  8:16  SCV  
  104  8:21  SCV  
  102  8:36  SCV  
  102  8:37  SCV x2  
  101  8:45  Siege Tank  
  101  8:47  Siege Tank  
  107  8:49  Hellion x2, SCV  
  107  8:51  SCV  
  107  8:52  SCV  
  114  9:01  SCV  
  115  9:03  Terran Vehicle And Ship Armor Level 1, Terran Vehicle Weapons Level 1  
  115  9:04  SCV x2  
  115  9:06  Orbital Command  
  117  9:12  Command Center  
  117  9:13  SCV  
  117  9:15  Command Center  
  117  9:16  SCV  
  119  9:27  Siege Tank x2  
  119  9:28  Hellion x2, SCV x2  
  119  9:29  SCV  
  132  9:43  SCV  
  132  9:44  SCV  
  134  9:45  Factory Tech Lab, Factory Reactor  
  134  9:47  SCV  
  134  9:49  Hellion x2  
  139  9:55  SCV  
  139  9:59  Siege Tank  
  139  10:05  Siege Tank  
  142  10:07  Infernal Pre-Igniter  
  142  10:11  Supply Depot x2, Factory  
  142  10:12  Factory  
  142  10:13  Factory  
  142  10:17  SCV x3  
  142  10:19  Engineering Bay  
  145  10:25  Orbital Command, Starport  
  145  10:27  Supply Depot  
  145  10:29  SCV x2  
  145  10:30  Siege Tank  
  145  10:31  Hellion x4  
  145  10:35  Siege Tank  
  161  10:42  SCV x2  
  163  10:45  Supply Depot  
  163  10:54  Missile Turret  
  163  10:57  Missile Turret  
  163  10:58  Missile Turret  
  163  11:03  Planetary Fortress, Missile Turret  
  163  11:04  Missile Turret  
  163  11:07  Sensor Tower  
  163  11:10  Siege Tank  
  163  11:11  Hellion x3, Starport Reactor  
  172  11:13  Factory Tech Lab x2  
  172  11:22  Siege Tank  
  144  11:34  Siege Tank  
  144  11:36  Hellion x2  
  144  11:39  Hellion  
  142  11:42  Hellion, SCV x3  
  142  11:43  Hellion  
  137  11:47  Hellion x2  
  137  11:52  SCV x2  
  140  11:58  Hellion  
  140  11:59  Hellion, Factory Reactor  
  142  12:02  SCV x3, Refinery  
  142  12:03  Refinery  
  142  12:06  Hellion x4  
  142  12:07  Hellion  
  155  12:08  Siege Tank x2  
  155  12:13  Command Center  
  155  12:14  Command Center  
  161  12:19  Missile Turret  
  161  12:20  Hellion x2  
  165  12:27  Siege Tank x2  
  165  12:29  Viking  
  173  12:30  Viking  
  160  12:41  Siege Tank  
  160  12:42  Hellion x5  
  168  12:53  Hellion, Siege Tank x2  
  174  12:59  Hellion  
  174  13:00  Hellion  
  174  13:03  Hellion x4  
  174  13:04  Hellion  
  190  13:06  Missile Turret  
  190  13:07  Missile Turret  
  190  13:09  Sensor Tower  
  189  13:15  Terran Vehicle Weapons Level 2  
  181  13:30  Cyclone  
  181  13:31  Cyclone x3  
  181  13:32  Orbital Command  
  181  13:41  Cyclone x7  
  171  13:42  Starport Tech Lab  
  171  13:45  Orbital Command x2  
  175  13:50  Sensor Tower  
  175  13:51  Missile Turret  
  175  13:56  Sensor Tower  
  175  14:03  Terran Vehicle And Ship Armor Level 2, Cyclone x3  
  175  14:05  Hellion  
  183  14:13  Hellion x5  
  183  14:15  Missile Turret  
  193  14:17  Missile Turret  
  193  14:18  Missile Turret  
  192  14:25  SCV  
  192  14:26  Battlecruiser  
  184  14:37  Hellion x2, Siege Tank x2  
  191  14:39  Hellion x3  
  189  14:48  Siege Tank x2  
  189  14:50  Hellion  
  188  15:12  Orbital Command  
  165  15:30  Hellion x2, Battlecruiser, Siege Tank x2  
  165  15:31  Hellion x5  
  174  15:55  Terran Vehicle Weapons Level 3  
  174  16:02  Hellion x3, Missile Turret  
  174  16:03  Hellion x3  
  186  16:04  Missile Turret  
  186  16:08  Sensor Tower  
  186  16:12  Siege Tank  
  186  16:23  Orbital Command  
  174  16:32  SCV x6  
  180  16:34  Battlecruiser  
  180  16:36  Refinery  
  180  16:37  Refinery  
  186  16:44  SCV  
  147  17:04  Hellion, Siege Tank  
  147  17:05  Hellion x6  
  147  17:07  Hellion  
  147  17:08  Hellion x2  
  159  17:10  Terran Vehicle And Ship Armor Level 3  
  153  17:19  SCV x2  
  153  17:20  SCV x4  
  153  17:21  SCV  
  151  17:26  Hellion x7  
  151  17:28  Siege Tank  
  151  17:29  Hellion, Siege Tank  
  172  17:31  SCV, Orbital Command  
  172  17:34  Missile Turret x2  
  172  17:35  Supply Depot, Orbital Command  
  172  17:36  Hellion, Orbital Command, Missile Turret x2  
  171  17:45  Sensor Tower  
  171  17:47  Siege Tank  
  171  17:50  Siege Tank  
  172  17:56  Battlecruiser  
  170  18:02  Refinery  
  170  18:03  SCV x3, Refinery  
  158  18:22  Siege Tank x2  
  158  18:25  Hellion x7  
  156  18:50  Command Center x2  
  151  19:24  Siege Tank x3  
  152  19:32  Engineering Bay  
  152  19:33  Siege Tank  
  152  19:34  Hellion x2  
  155  19:43  Supply Depot  
  155  19:44  Supply Depot  
  155  19:45  Supply Depot  
  155  19:48  Hellion  
  155  19:57  SCV  
  155  19:59  Missile Turret  
  156  20:00  Missile Turret  
  156  20:01  SCV  
Show
View Real Time Build Order
Export as new Build Order

TalonDark Zerg - Winner!

Build Orders: Hatch First, Roach Hydra, Swarm Host 

Get SALT Encoding   

  12  0:00  Drone  
  13  0:12  Overlord  
  13  0:16  Drone  
  14  0:31  Drone x2  
  16  0:48  Hatchery  
  15  0:52  Drone  
  15  0:54  Drone  
  17  0:59  Drone  
  18  1:13  Spawning Pool  
  18  1:14  Drone  
  18  1:17  Drone  
  19  1:28  Drone  
  20  1:42  Drone  
  20  1:46  Hatchery  
  20  1:53  Drone  
  21  2:00  Queen  
  23  2:04  Zergling x4  
  25  2:09  Queen  
  25  2:15  Overlord  
  27  2:21  Drone  
  27  2:32  Spore Crawler  
  27  2:33  Drone x2  
  27  2:34  Drone x2  
  30  2:39  Queen  
  33  2:46  Queen  
  33  2:49  Overlord  
  35  2:52  Drone  
  36  2:58  Queen  
  36  3:00  Drone  
  36  3:02  Drone  
  36  3:04  Drone  
  41  3:07  Drone  
  41  3:10  Drone x2  
  44  3:13  Drone  
  44  3:15  Drone  
  44  3:18  Drone x2  
  48  3:22  Drone x2  
  50  3:30  Extractor, Roach Warren  
  50  3:31  Extractor, Drone  
  50  3:33  Drone  
  49  3:37  Overlord  
  49  3:42  Overlord  
  49  3:43  Overlord  
  49  3:44  Drone  
  50  3:57  Drone x3  
  50  3:59  Zergling x4  
  55  4:09  Overlord  
  55  4:12  Roach x2  
  55  4:14  Roach  
  55  4:15  Overlord  
  61  4:18  Roach  
  61  4:19  Drone x3  
  61  4:23  Overlord  
  61  4:24  Roach  
  68  4:27  Spore Crawler  
  68  4:30  Roach  
  69  4:36  Roach  
  69  4:38  Roach  
  70  4:46  Roach  
  72  4:54  Overlord  
  72  4:57  Drone x8  
  78  5:02  Roach  
  80  5:09  Spore Crawler  
  80  5:11  Roach  
  80  5:12  Roach  
  80  5:13  Drone  
  84  5:19  Drone x2  
  81  5:21  Drone  
  81  5:26  Drone  
  81  5:27  Lair  
  82  5:30  Drone  
  82  5:31  Spore Crawler  
  82  5:33  Drone, Hatchery  
  82  5:38  Roach  
  82  5:39  Queen, Roach  
  82  5:41  Overlord  
  82  5:42  Roach, Overlord  
  90  5:46  Overlord  
  90  5:48  Roach  
  90  5:49  Drone x3  
  94  5:55  Extractor  
  94  5:56  Extractor, Roach  
  94  5:57  Roach  
  95  5:59  Overlord  
  95  6:02  Drone  
  95  6:03  Extractor, Queen  
  97  6:04  Extractor  
  95  6:13  Drone x6  
  95  6:14  Queen  
  99  6:27  Drone  
  99  6:28  Drone x6  
  99  6:33  Queen  
  99  6:34  Drone x2  
  99  6:39  Queen, Drone x2  
  104  6:40  Drone x3  
  104  6:41  Drone  
  104  6:45  Drone  
  106  6:48  Glial Reconstitution  
  106  6:56  Evolution Chamber  
  106  6:57  Evolution Chamber  
  104  7:09  Roach x7  
  102  7:23  Zerg Missile Weapons Level 1, Zerg Ground Armor Level 1  
  102  7:25  Hydralisk Den, Hatchery  
  102  7:26  Roach x6  
  102  7:28  Roach  
  112  7:36  Drone  
  113  7:37  Roach x2  
  113  7:42  Roach x2  
  113  7:44  Roach  
  123  7:46  Roach  
  123  7:47  Roach  
  123  7:49  Roach  
  129  7:51  Overlord  
  129  7:57  Infestation Pit  
  128  8:00  Overlord  
  128  8:01  Grooved Spines, Overlord  
  128  8:04  Hatchery  
  127  8:13  Drone x8  
  127  8:14  Drone  
  127  8:17  Overlord  
  127  8:19  Hydralisk x4  
  142  8:23  Hydralisk  
  142  8:24  Hydralisk  
  142  8:35  Hydralisk x2  
  142  8:39  Hive  
  138  8:49  Spore Crawler  
  138  8:50  Extractor  
  138  8:51  Drone x13  
  145  8:57  Extractor  
  145  9:02  Muscular Augments  
  144  9:03  Drone x2  
  144  9:04  Drone x2  
  144  9:05  Overlord  
  148  9:10  Hydralisk x3  
  148  9:12  Hydralisk x2  
  148  9:14  Hydralisk  
  148  9:17  Hydralisk  
  153  9:19  Hydralisk x3  
  159  9:26  Hydralisk  
  159  9:27  Hydralisk x2  
  159  9:28  Hydralisk  
  165  9:33  Hydralisk x2  
  165  9:35  Zerg Missile Weapons Level 2  
  163  9:40  Zerg Ground Armor Level 2  
  161  9:49  Overlord  
  161  9:52  Metabolic Boost  
  161  9:59  Viper  
  160  10:00  Viper  
  160  10:02  Extractor  
  160  10:03  Extractor  
  161  10:08  Overlord x2  
  161  10:10  Drone x5  
  166  10:17  Hydralisk x6  
  166  10:18  Zergling x4  
  180  10:24  Spore Crawler  
  180  10:26  Viper  
  180  10:35  Hydralisk x2, Hatchery  
  177  10:36  Hydralisk x2  
  177  10:37  Hydralisk x2  
  177  10:38  Hydralisk  
  191  10:52  Overlord x2  
  191  10:55  Nydus Network  
  190  11:03  Hatchery  
  190  11:04  Overlord  
  189  11:05  Zergling x18  
  135  11:40  Hydralisk x19  
  135  11:41  Zergling x4  
  146  11:56  Zerg Missile Weapons Level 3  
  146  12:08  Swarm Host x11  
  179  12:17  Zerg Ground Armor Level 3, Swarm Host x2  
  179  12:19  Swarm Host  
  171  12:40  Hydralisk x4  
  171  12:41  Hydralisk x2  
  171  12:44  Nydus Canal  
  171  12:46  Roach x7  
  171  12:51  Roach x3  
  191  12:54  Roach x2  
  195  13:04  Roach x2  
  199  13:11  Burrow, Neural Parasite  
  199  13:23  Nydus Canal  
  195  13:36  Roach x6  
  195  13:37  Roach  
  173  13:42  Roach x10  
  173  13:44  Hydralisk  
  173  13:45  Hydralisk x5  
  197  13:50  Roach  
  197  13:52  Nydus Canal  
  197  13:54  Spire  
  198  14:03  Roach  
  200  14:31  Lurker Den  
  200  14:33  Zerg Melee Weapons Level 1  
  197  14:41  Infestor x2  
  197  14:42  Infestor  
  195  14:56  Roach x5  
  199  15:06  Spine Crawler  
  198  15:07  Evolution Chamber  
  198  15:08  Spine Crawler x3, Viper x2  
  198  15:09  Spine Crawler  
  199  15:27  Hydralisk x2  
  199  15:32  Seismic Spines  
  199  15:34  Greater Spire  
  199  15:38  Adrenal Glands  
  199  15:47  Hydralisk  
  197  16:07  Ravager x2  
  197  16:08  Ravager  
  198  16:29  Adaptive Talons  
  198  16:36  Hydralisk  
  198  16:37  Nydus Canal  
  200  16:45  Hydralisk  
  165  17:01  Hydralisk x19  
  165  17:05  Hydralisk x6  
  165  17:06  Nydus Canal  
  199  17:10  Zerg Flyer Weapons Level 1  
  197  17:19  Hydralisk x4  
  200  17:24  Hydralisk x2  
  200  17:46  Overseer  
  200  17:58  Infestor x4  
  188  18:03  Nydus Canal  
  194  18:07  Roach x4  
  194  18:08  Roach  
  196  18:13  Extractor  
  196  18:16  Spore Crawler x2, Extractor  
  186  18:37  Spire  
  181  18:42  Roach x11  
  181  18:46  Spine Crawler  
  181  18:47  Spine Crawler  
  197  18:48  Spine Crawler  
  196  19:02  Hydralisk x2  
  200  19:38  Nydus Canal  
  200  19:46  Hatchery  
Tags
 
Add a new tag
Caveats
  • Supply blocks, unpowered buildings, or Contaminate may cause inaccurate times.
  • Supply counts are checked every 10 seconds.